AoeStats
← Deathhorse

Nomad

509776408Analyzed
4v4 RM · 5d ago on Sep 28, 2026· 47m 24s· 8 players
Game mode
Random Map
Map size
231×231
Population
200
Speed
Normal
Resources
Standard
Victory
Conquest
Starting age
Dark Age
Ending age
Imperial Age
RankedLock teamsTeams togetherTeam positionsShared explorationLock speedFull tech treeHidden civsTurbo modeCheats
Victory
Defeat
🇨🇴 Georgians · Colombia
921
+13
🇲🇽 Khmer · Mexico
852
+16
🇩🇪 Vietnamese · Germany
838
+16
🇺🇸 Persians · United States
827
+17
🇨🇳 Burgundians · China
894
-17
🇦🇷 Italians · Argentina
889
-17
🇹🇼 Jurchens · Taiwan
853
-16
🇨🇳 Saracens · China
767
-12
Ryoga
4:12 Loom
17:18 Feudal Age
18:33 Fishing Lines
19:50 Wheelbarrow
19:59 Double-Bit Axe
25:05 Castle Age
22:52 Town Watch
26:07 Stone Mining
26:09 Gold Mining
26:45 Hand Cart
36:17 Horse Collar
37:27 Bow Saw
37:56 Heavy Plow
42:34 Caravan
47:47 Town Patrol
47:55 Tusk Swords
Deathhorse
12:19 Feudal Age
13:14 Double-Bit Axe
13:44 Horse Collar
14:15 Fishing Lines
15:34 Wheelbarrow
20:38 Bloodlines
22:07 Scale Barding Armor
27:18 Gold Mining
27:54 Arson
30:41 Castle Age
30:08 Man-at-Arms
31:07 Forging
30:45 Light Cavalry
31:29 Husbandry
32:00 Hand Cart
31:27 Elite Skirmisher
32:30 Stone Mining
42:16 Chain Barding Armor
43:00 Town Watch
47:39 Imperial Age
46:32 Ballistics
Armes Würstchen
10:03 Loom
12:28 Feudal Age
17:15 Castle Age
15:35 Double-Bit Axe
15:35 Fishing Lines
17:26 Wheelbarrow
18:21 Town Watch
18:23 Horse Collar
19:03 Bow Saw
31:44 Hand Cart
34:57 Imperial Age
32:32 Chatras
32:39 Scale Mail Armor
35:00 Caravan
36:00 Chain Mail Armor
35:50 Scale Barding Armor
36:01 Forging
36:10 Bloodlines
36:01 Husbandry
35:22 Elite Battle Elephant
36:27 Paper Money
36:44 Hoardings
35:40 Sappers
38:03 Two-Man Saw
37:04 Town Patrol
37:50 Chain Barding Armor
38:05 Iron Casting
39:07 Heavy Plow
41:10 Crop Rotation
41:55 Plate Barding Armor
42:37 Fletching
44:22 Onager
44:24 Capped Ram
44:38 Sappers
47:35 Chemistry
46:55 Ballistics
46:41 Siege Engineers
46:17 Treadmill Crane
46:47 Masonry
46:06 Spies/Treason
ferandres99
6:14 Loom
13:42 Feudal Age
14:05 Town Watch
14:11 Double-Bit Axe
15:50 Fishing Lines
19:37 Castle Age
17:29 Horse Collar
20:18 Gillnets
20:40 Medium Warships
22:25 Wheelbarrow
24:33 Gold Mining
26:39 Heavy Plow
28:44 Hand Cart
29:23 Town Patrol
34:11 Imperial Age
32:56 Ballistics
32:33 Murder Holes
32:49 Fletching
33:50 Bloodlines
33:44 Husbandry
34:25 Cavalier
36:36 Bodkin Arrow
37:49 Chemistry
37:00 Masonry
37:28 Clinker Construction
38:54 Crop Rotation
39:06 Gold Shaft Mining
41:20 Conscription
42:16 Architecture
41:57 Fervor
42:03 Block Printing
42:10 Forging
42:05 Scale Barding Armor
42:13 Bow Saw
42:37 Savar
43:56 Stone Mining
45:42 Iron Casting
45:29 Chain Barding Armor
46:18 Spies/Treason
ZIV_83tw
11:11 Loom
13:16 Feudal Age
20:21 Castle Age
23:12 Gold Mining
26:00 Medium Warships
31:13 Double-Bit Axe
31:14 Horse Collar
34:30 Gold Shaft Mining
35:15 Heavy Plow
35:22 Padded Archer Armor
35:13 Fletching
35:22 Stone Mining
37:24 Bodkin Arrow
37:44 Leather Archer Armor
38:54 Squires
38:40 Arson
38:25 Pikeman
39:21 Forging
39:11 Scale Mail Armor
42:46 Imperial Age
40:55 Wheelbarrow
41:20 Ballistics
41:07 Siege Engineers
42:25 Chain Mail Armor
43:41 Elite Fire Lancer
45:09 Iron Casting
47:18 Blast Furnace
3405514463
9:05 Double-Bit Axe
11:14 Horse Collar
15:02 Wheelbarrow
19:01 Feudal Age
23:02 Bow Saw
28:47 Castle Age
27:49 Loom
34:09 Cavalier
34:50 Light Cavalry
35:48 Scale Barding Armor
35:53 Forging
37:57 Husbandry
HBNUVHTFGHYHUGY
15:40 Feudal Age
20:54 Castle Age
23:37 Loom
28:01 Pikeman
37:50 Elite Skirmisher
SMNT-Chifuego
4:16 Loom
16:06 Feudal Age
26:37 Castle Age
25:13 Wheelbarrow
24:23 Town Watch
24:52 Fletching
27:05 Crossbowman
28:18 Squires
27:39 Pikeman
34:01 Double-Bit Axe
36:25 Padded Archer Armor
36:55 Forging
Connection lost

Rejoining the realm…

Still unreachable

The connection could not be restored.

Session expired

The server has moved on; the page needs a fresh start.